 Dungeon Crawl Stone Soup version 0.22-a0-533-g4d20840 (webtiles) character file.

3990 Gildeon the Blocker (level 10, -6/80 (81) HPs)
             Began as a Gnoll Fighter on June 22, 2018.
             Was a High Priest of Cheibriados.
             Mangled by a two-headed ogre
             ... wielding a +0 giant spiked club
              (14 damage)
             ... on level 8 of the Dungeon.
             The game lasted 00:24:27 (7926 turns).

Gildeon the Blocker (Gnoll Fighter)                 Turns: 7926, Time: 00:24:28

HP:   -6/80 (81)    AC: 16    Str: 32    XL:     10   Next: 22%
MP:   26/26         EV: 12    Int: 21    God:    Cheibriados [*****.]
Gold: 324           SH: 14    Dex: 29    Spells: 19/19 levels left

rFire    + . .     SeeInvis .   a - +0 war axe
rCold    + . .     Gourm    .   c - +0 shield
rNeg     . . .     Faith    +   d - +5 chain mail {rC+}
rPois    .         Spirit   .   (no helmet)
rElec    .         Reflect  .   (no cloak)
rCorr    .         Harm     .   (no gloves)
MR       .....                  (no boots)
Stlth    +.........             m - amulet of faith
HPRegen  0.23/turn              j - ring of magical power
MPRegen  0.20/turn              (no ring)

@: slowed, very slow
A: distributed training, fangs 1, thin skeletal structure 1, fire resistance 1,
evolution 1, strong nose
a: Bend Time, Temporal Distortion, Slouch, Step From Time, Renounce Religion


You were on level 8 of the Dungeon.
You worshipped Cheibriados.
Cheibriados was extremely pleased with you.
You were not hungry.

You visited 2 branches of the dungeon, and saw 9 of its levels.

You collected 324 gold pieces.

Inventory:

Hand Weapons
 a - a +0 war axe (weapon)
 e - a +2 vampiric whip
 i - a +0 long sword of draining
 q - a +0 mace of crushing
 s - a +1 dagger of flaming
Missiles
 t - a throwing net (quivered)
Armour
 c - a +0 shield (worn)
 d - a +5 chain mail of cold resistance (worn)
Jewellery
 j - a ring of magical power (left hand)
 m - an amulet of faith (around neck)
 x - the ring of Secrets {rF- rN+++ Str-4 Int+8 Stlth-, unknown}
   (You found it on level 7 of the Dungeon)

   [ring of loudness]

   It affects your strength (-4).
   It affects your intelligence (+8).
   It makes you vulnerable to fire.
   It renders you almost immune to negative energy.
   It makes you less stealthy.
Wands
 b - a wand of paralysis (12)
 r - a wand of flame (38)
Scrolls
 g - 2 scrolls of teleportation
 l - 4 scrolls of remove curse
 w - 2 scrolls of amnesia
Potions
 h - 6 potions of curing
 k - 2 potions of invisibility
 n - 2 potions of brilliance
 p - 2 potions of resistance
 u - a potion of flight
 v - a potion of ambrosia
Comestibles
 f - 9 rations


   Skills:
 + Level 8.3 Fighting
 + Level 5.0 Short Blades
 + Level 5.0 Long Blades
 + Level 6.8 Axes
 + Level 5.0 Maces & Flails
 + Level 5.0 Polearms
 + Level 5.0 Staves
 + Level 5.0 Slings
 + Level 5.0 Bows
 + Level 5.0 Crossbows
 + Level 5.0 Throwing
 + Level 8.3 Armour
 + Level 5.0 Dodging
 + Level 5.0 Stealth
 + Level 8.3 Shields
 + Level 5.0 Unarmed Combat
 + Level 5.0 Spellcasting
 + Level 4.1 Conjurations
 + Level 4.1 Hexes
 + Level 4.1 Charms
 + Level 4.1 Summonings
 + Level 4.1 Necromancy
 + Level 4.1 Translocations
 + Level 4.1 Transmutations
 + Level 4.1 Fire Magic
 + Level 4.1 Ice Magic
 + Level 4.1 Air Magic
 + Level 4.1 Earth Magic
 + Level 4.1 Poison Magic
 + Level 5.4 Invocations
 + Level 5.0 Evocations


You had 19 spell levels left.
You didn't know any spells.
Your spell library was empty.

Dungeon Overview and Level Annotations

Branches:
Dungeon (8/15)             Temple (1/1) D:4            Lair (0/6) D:8

Altars:
Ashenzari
Cheibriados
Dithmenos
Elyvilon
Fedhas
Gozag
Hepliaklqana
Kikubaaqudgha
Makhleb
Nemelex Xobeh
Okawaru
Qazlal
Ru
Sif Muna
Trog
Uskayaw
Vehumet
Wu Jian
Xom
Yredelemnul
Zin
The Shining One


Innate Abilities, Weirdness & Mutations

Your experience applies equally to all skills.
You have very sharp teeth.
Your uncanny sense of smell can sniff out nearby items.
You have a somewhat thin skeletal structure. (Dex +2, Stealth)
Your flesh is heat resistant. (rF+)
You evolve.


Message History

The slave hits you but does no damage. The orc priest misses you.
You block the orc wizard's attack.
The orc wizard hits you but does no damage.
The slave barely misses you. You block the warg's attack. x2
The orc wizard casts a spell at you. The magic dart hits you!
You block the warg's attack.
The orc wizard gestures at you while chanting.
You feel yourself slow down. You block the warg's attack.
The slave closely misses you.
You closely miss the slave. You hit the two-headed ogre.
You slash the orc priest!
Your shield and chain mail prevent you from hitting the warg. x2
You block the warg's attack. The warg bites you!
* * * LOW HITPOINT WARNING * * *
The warg closely misses you. You block the slave's attack.
The orc priest begins to cast a cantrip, but forgets the words!
The orc wizard mumbles some strange words.
The orc wizard blinks!
You block the two-headed ogre's attack.
The two-headed ogre hits you with a giant spiked club!
You die...

,,,** #...# *,,,**,,,,,**
,,,,**#...# *...#...,,,,*
,,,,,*#...##
##...#...,,,,**
*,,,***#...##
##........,,,,,* *****
##...######..............#
##.................p.....
##......§p....#..........
*#<).)...hh....#...p......
*#..###...@pH...##.P.o...#,
*#..##
##..oOo#o..#..o....#, *
*#..#* #.ooO).#..##.....#**
****#..#*
#.....o..o###o..###.
,,,...#*
#....)..............
**....*
#(.###.............. *##.**
#..# ##.......####.. ***
#..# ##....### **# #..##
######


You could see a two-headed ogre, a hippogriff, 2 wargs, an orc warrior, an ogre,
2 slaves, an orc priest, 2 orc wizards and 2 orcs.

Vanquished Creatures
  The ghost of Erlindor the Skirmisher, a novice DsAK of Lugonu (D:6)
  A troll (D:6)
  2 hippogriffs (D:7)
  Sigmund (D:3)
  2 hungry ghosts (D:7)
  4 orc warriors
  2 necrophages
  An ogre (D:7)
  A centaur (D:6)
  Blork the orc (D:6)
  5 bullfrogs
  A scorpion (D:4)
  An oklob sapling (D:4)
  2 wights (D:7)
  A howler monkey (D:4)
  3 crimson imps
  A centaur zombie (D:7)
  2 hounds
  3 bullfrog skeletons
  A centaur skeleton (D:8)
  6 orc priests
  3 jellies
  5 orc wizards
  An iguana (D:6)
  Natasha (twice) (D:3)
  Terence (D:3)
  4 worker ants
  A mummy (D:7)
  2 worker ant zombies
  4 gnolls (D:7)
  13 adders
  An ooze (D:4)
  An adder skeleton (D:4)
  3 worms
  4 dart slugs
  3 leopard geckos
  29 orcs
  4 bat zombies (D:4)
  8 giant cockroaches
  4 goblins
  5 hobgoblins
  4 kobolds
  3 quokkas
  3 bats
  4 frilled lizards
  A jackal skeleton (D:7)
  A leopard gecko skeleton (D:6)
  A leopard gecko zombie (D:7)
  A quokka skeleton (D:4)
  6 rats
  3 plants (D:4)
167 creatures vanquished.

Notes
Turn   | Place    | Note
-------+----------+-------------------------------------------
     0 | D:1      | Gildeon the Gnoll Fighter began the quest for the Orb.
     0 | D:1      | Reached XP level 1. HP: 23/23 MP: 1/1
   127 | D:1      | Reached XP level 2. HP: 29/29 MP: 2/2
   458 | D:2      | Reached XP level 3. HP: 19/35 MP: 3/3
   724 | D:2      | Reached skill level 1 in Invocations
   816 | D:2      | Found a blossoming altar of Fedhas.
   816 | D:2      | Found a radiant altar of Vehumet.
   818 | D:2      | Found a basalt altar of Yredelemnul.
  1314 | D:2      | Reached skill level 1 in Short Blades
  1314 | D:2      | Reached skill level 1 in Long Blades
  1314 | D:2      | Reached skill level 1 in Maces & Flails
  1314 | D:2      | Reached skill level 1 in Polearms
  1314 | D:2      | Reached skill level 1 in Staves
  1314 | D:2      | Reached skill level 1 in Slings
  1314 | D:2      | Reached skill level 1 in Bows
  1314 | D:2      | Reached skill level 1 in Crossbows
  1314 | D:2      | Reached skill level 1 in Throwing
  1314 | D:2      | Reached skill level 1 in Dodging
  1314 | D:2      | Reached skill level 1 in Stealth
  1314 | D:2      | Reached skill level 1 in Unarmed Combat
  1314 | D:2      | Reached skill level 1 in Spellcasting
  1314 | D:2      | Reached skill level 1 in Evocations
  1522 | D:3      | Reached XP level 4. HP: 41/41 MP: 5/5
  1623 | D:3      | Noticed Terence
  1630 | D:3      | Killed Terence
  1630 | D:3      | Reached skill level 1 in Conjurations
  1630 | D:3      | Reached skill level 1 in Hexes
  1630 | D:3      | Reached skill level 1 in Charms
  1630 | D:3      | Reached skill level 1 in Summonings
  1630 | D:3      | Reached skill level 1 in Necromancy
  1630 | D:3      | Reached skill level 1 in Translocations
  1630 | D:3      | Reached skill level 1 in Transmutations
  1630 | D:3      | Reached skill level 1 in Fire Magic
  1630 | D:3      | Reached skill level 1 in Ice Magic
  1630 | D:3      | Reached skill level 1 in Air Magic
  1630 | D:3      | Reached skill level 1 in Earth Magic
  1630 | D:3      | Reached skill level 1 in Poison Magic
  1763 | D:3      | Noticed Sigmund
  1789 | D:3      | Killed Sigmund
  1789 | D:3      | Reached XP level 5. HP: 12/47 MP: 5/7
  1789 | D:3      | Reached XP level 6. HP: 13/53 MP: 5/8
  2072 | D:3      | Found a snail-covered altar of Cheibriados.
  2101 | D:3      | Became a worshipper of Cheibriados the Contemplative
  2276 | D:3      | Noticed Natasha
  2286 | D:3      | Killed Natasha
  2379 | D:3      | Noticed Natasha
  2386 | D:3      | Killed Natasha
  2386 | D:3      | Reached skill level 5 in Axes
  2620 | D:4      | Reached XP level 7. HP: 56/59 MP: 10/10
  2639 | D:4      | Found a staircase to the Ecumenical Temple.
  2677 | Temple   | Entered the Ecumenical Temple
  3113 | D:4      | Reached * piety under Cheibriados
  3282 | D:4      | Found an ancient bone altar of Kikubaaqudgha.
  3463 | D:5      | Entered Level 5 of the Dungeon
  3523 | D:5      | Found a shadowy altar of Dithmenos.
  3712 | D:5      | Reached XP level 8. HP: 67/67 MP: 12/12
  3724 | D:5      | Reached ** piety under Cheibriados
  4303 | D:6      | Found a runed gate.
  4303 | D:6      | Found a runed gate.
  4303 | D:6      | Found a runed gate.
  4304 | D:6      | Noticed a troll
  4312 | D:6      | Noticed Erlindor's ghost (novice DsAK)
  4354 | D:6      | Found a shattered altar of Ashenzari.
  4354 | D:6      | Noticed Blork the orc
  4359 | D:6      | Killed Blork the orc
  4937 | D:6      | Found a sacrificial altar of Ru.
  5046 | D:6      | Reached *** piety under Cheibriados
  5063 | D:6      | Killed Erlindor's ghost
  5063 | D:6      | Reached XP level 9. HP: 34/72 MP: 14/14
  5072 | D:6      | HP: 2/73 [troll (10)]
  5524 | D:6      | Found a shattered altar of Ashenzari.
  5584 | D:6      | Killed a troll
  5607 | D:7      | Gained mutation: You have a somewhat thin skeletal structure. (Dex +2, Stealth) [potion of mutation]
  5607 | D:7      | Gained mutation: You evolve. [potion of mutation]
  5846 | D:7      | Reached **** piety under Cheibriados
  5914 | D:7      | Gained mutation: Your system is resistant to poisons. (rPois) [potion of mutation]
  5914 | D:7      | Gained mutation: Your flesh is heat resistant. (rF+) [potion of mutation]
  6014 | D:7      | Got a faintly glowing golden ring
  6189 | D:7      | Reached skill level 5 in Invocations
  6372 | D:7      | Reached XP level 10. HP: 77/79 MP: 17/17
  6869 | D:6      | Found a shattered altar of Ashenzari.
  7090 | D:6      | Lost mutation: Your system is resistant to poisons. (rPois) [evolution]
  7166 | D:6      | Found a sacrificial altar of Ru.
  7666 | D:8      | Reached ***** piety under Cheibriados
  7899 | D:8      | Reached skill level 5 in Short Blades
  7899 | D:8      | Reached skill level 5 in Long Blades
  7899 | D:8      | Reached skill level 5 in Maces & Flails
  7899 | D:8      | Reached skill level 5 in Polearms
  7899 | D:8      | Reached skill level 5 in Staves
  7899 | D:8      | Reached skill level 5 in Slings
  7899 | D:8      | Reached skill level 5 in Bows
  7899 | D:8      | Reached skill level 5 in Crossbows
  7899 | D:8      | Reached skill level 5 in Throwing
  7899 | D:8      | Reached skill level 5 in Dodging
  7899 | D:8      | Reached skill level 5 in Stealth
  7899 | D:8      | Reached skill level 5 in Unarmed Combat
  7899 | D:8      | Reached skill level 5 in Spellcasting
  7899 | D:8      | Reached skill level 5 in Evocations
  7907 | D:8      | Found a staircase to the Lair.
  7911 | D:8      | Noticed a two-headed ogre
  7926 | D:8      | Mangled by a two-headed ogre

Vault maps used:
D:1:      lightli_arrival_flooded_house
D:2:      gammafunk_temple_overflow_forgotten
D:3:      kennysheep_slug_shrine, uniq_sigmund, uniq_natasha, uniq_terence
D:4:      lemuel_zombie_altar_kikubaaqudgha, minmay_temple_entry_oklob,
          first_ration
D:5:      lemuel_crystal_altar
D:6:      evilmike_ruin_ashenzari, gammafunk_ghost_split,
          nicolae_ru_path_of_blood, uniq_blork_the_orc
D:7:      serial_undead, serial_undead_e, serial_undead_b, serial_undead_f,
          serial_undead_f
D:8:      erik_lair_orcish_takeover, uniq_pikel
Temple:   regret_index_temple_generic_petals

Skill      XL: |  1  2  3  4  5  6  7  8  9 10 |
---------------+-------------------------------+-----
Invocations    | 1 2 3 4 5 |  5.4
Short Blades   | 1 2 3 4 5 |  5.0
Long Blades    | 1 2 3 4 5 |  5.0
Maces & Flails | 1 2 3 4 5 |  5.0
Polearms       | 1 2 3 4 5 |  5.0
Staves         | 1 2 3 4 5 |  5.0
Slings         | 1 2 3 4 5 |  5.0
Bows           | 1 2 3 4 5 |  5.0
Crossbows      | 1 2 3 4 5 |  5.0
Throwing       | 1 2 3 4 5 |  5.0
Dodging        | 1 2 3 4 5 |  5.0
Stealth        | 1 2 3 4 5 |  5.0
Unarmed Combat | 1 2 3 4 5 |  5.0
Spellcasting   | 1 2 3 4 5 |  5.0
Evocations     | 1 2 3 4 5 |  5.0
Conjurations   | 1 2 3 4 |  4.1
Hexes          | 1 2 3 4 |  4.1
Charms         | 1 2 3 4 |  4.1
Summonings     | 1 2 3 4 |  4.1
Necromancy     | 1 2 3 4 |  4.1
Translocations | 1 2 3 4 |  4.1
Transmutations | 1 2 3 4 |  4.1
Fire Magic     | 1 2 3 4 |  4.1
Ice Magic      | 1 2 3 4 |  4.1
Air Magic      | 1 2 3 4 |  4.1
Earth Magic    | 1 2 3 4 |  4.1
Poison Magic   | 1 2 3 4 |  4.1
Axes           | 5 6 |  6.8
Fighting       | 7 8 |  8.3
Armour         | 7 8 |  8.3
Shields        | 7 8 |  8.3

Action                   |  1- 3 |  4- 6 |  7- 9 | 10-12 || total
-------------------------+-------+-------+-------+-------++-------
Melee: War axe           |    70 |    75 |   333 |    68 ||   546
       Bite              |     9 |    10 |    74 |    18 ||   111
  Use: Scroll            |     3 |     5 |    12 |     1 ||    21
       Potion            |       |     2 |     3 |       ||     5
  Eat: Chunk             |     2 |     2 |     4 |     1 ||     9
       Ration            |       |     1 |     3 |       ||     4
Armor: Scale mail        |    27 |     3 |       |       ||    30
       Chain mail        |       |    31 |   157 |    36 ||   224
Dodge: Dodged            |    24 |    10 |   117 |    47 ||   198
Block: Shield            |    27 |    33 |   234 |    75 ||   369

Table legend:
 A = Spawn XP
 B = Non-spawn XP
 C = Spawn XP percentage of total XP
 D = Spawn monster count
 E = Non-spawn monster count
 F = Spawn count percentage of total count
 G = Total turns spent on level
                    A         B        C        D         E        F      G
               +---------+---------+-------+---------+---------+-------+---------
         Total |       0 |    5700 |   0.0 |       0 |     164 |   0.0 |  7926
               +---------+---------+-------+---------+---------+-------+---------
           D:1 |       0 |      18 |   0.0 |       0 |      10 |   0.0 |   434
           D:2 |       0 |      60 |   0.0 |       0 |      18 |   0.0 |  1083
           D:3 |       0 |     381 |   0.0 |       0 |      15 |   0.0 |   884
           D:4 |       0 |     488 |   0.0 |       0 |      25 |   0.0 |   844
           D:5 |       0 |     402 |   0.0 |       0 |      22 |   0.0 |   668
           D:6 |       0 |    1679 |   0.0 |       0 |      22 |   0.0 |  2236
           D:7 |       0 |    2189 |   0.0 |       0 |      39 |   0.0 |  1232
           D:8 |       0 |     483 |   0.0 |       0 |      13 |   0.0 |   327
               +---------+---------+-------+---------+---------+-------+---------
